Map: Acid Plant LE

Players

Swatopluke - Winner!

  • Race: Protoss Protoss
  • League: Platinum
  • Spawn Location: 11:00

PapaRaid

  • Race: Terran Terran
  • League: Platinum
  • Spawn Location: 5:00

VOD

Have the link to the VOD?

Description

Time

  • Played on: Nov. 12, 2018, 5:45 p.m.
  • Length: 14:24
Show
View Real Time Build Order
Export as new Build Order

Swatopluke Protoss - Winner!

Build Orders:  

Get SALT Encoding   

  12  0:00  Probe  
  13  0:13  Probe  
  14  0:18  Pylon  
  14  0:25  Probe  
  15  0:34  Probe  
  15  0:36  Gateway  
  15  0:42  Probe  
  17  0:50  Assimilator  
  17  0:52  Probe  
  18  1:02  Gateway  
  18  1:05  Probe  
  19  1:17  Probe  
  20  1:23  Cybernetics Core  
  20  1:28  Assimilator  
  20  1:29  Probe  
  21  1:36  Pylon  
  21  1:41  Probe  
  22  1:49  Warp Gate  
  22  1:52  Stalker  
  22  1:53  Probe  
  25  2:04  Stalker  
  25  2:06  Probe  
  28  2:20  Stalker  
  30  2:38  Nexus  
  30  2:41  Probe  
  31  2:54  Robotics Facility  
  31  3:14  Pylon  
  31  3:20  Pylon  
  31  3:32  Probe  
  31  3:33  Stargate  
  34  3:35  Stargate  
  34  3:40  Assimilator  
  34  3:44  Probe  
  35  3:54  Probe  
  36  3:56  Probe  
  35  4:03  Assimilator  
  35  4:06  Probe, Shield Battery  
  35  4:08  Stalker, Shield Battery  
  35  4:09  Shield Battery  
  38  4:21  Void Ray  
  38  4:23  Probe x2  
  44  4:38  Void Ray  
  48  4:45  Stalker  
  50  4:50  Stalker  
  52  5:02  Probe  
  52  5:03  Void Ray  
  52  5:06  Probe  
  57  5:12  Probe  
  58  5:14  Probe  
  58  5:20  Stalker  
  62  5:34  Pylon  
  62  5:41  Robotics Facility  
  62  5:52  Probe x2, Void Ray  
  66  6:01  Twilight Council  
  66  6:05  Probe x2  
  68  6:17  Probe  
  69  6:20  Pylon  
  69  6:22  Probe  
  70  6:33  Robotics Bay  
  70  6:38  Probe x2  
  70  6:39  Observer  
  59  7:02  Void Ray  
  59  7:04  Pylon, Void Ray  
  59  7:06  Pylon  
  55  7:12  Adept x2  
  52  7:24  Probe x2, Colossus  
  54  7:35  Void Ray  
  54  7:36  Void Ray  
  60  7:43  Stalker  
  62  7:44  Stalker  
  72  8:00  Extended Thermal Lance  
  72  8:06  Pylon  
  72  8:08  Pylon  
  72  8:16  Colossus  
  72  8:18  Void Ray  
  82  8:27  Void Ray  
  82  8:29  Observer  
  86  8:43  Nexus  
  86  8:48  Probe, Assimilator  
  87  9:01  Observer  
  87  9:07  Void Ray  
  91  9:10  Probe  
  91  9:16  Pylon  
  92  9:33  Void Ray, Colossus  
  92  9:34  Pylon  
  96  9:54  Charge  
  94  10:01  Void Ray  
  94  10:02  Zealot  
  94  10:03  Zealot  
  94  10:06  Probe x2  
  104  10:08  Probe  
  104  10:12  Pylon  
  105  10:14  Pylon  
  105  10:16  Colossus  
  105  10:18  Probe  
  106  10:22  Void Ray  
  116  10:36  Protoss Air Weapons Level 1  
  92  10:58  Colossus  
  92  10:59  Void Ray  
  96  11:05  Void Ray  
  100  11:15  Probe x2  
  108  11:19  Robotics Facility  
  108  11:20  Probe  
  108  11:24  Zealot x2  
  108  11:25  Assimilator  
  113  11:27  Probe  
  113  11:29  Gateway  
  114  11:37  Gateway x2  
  114  11:46  Disruptor  
  114  11:53  Probe x3  
  120  11:58  Void Ray, Colossus  
  124  12:11  Zealot x2  
  134  12:22  Gravitic Boosters  
  134  12:26  Colossus  
  140  12:38  Pylon  
  140  12:39  Pylon  
  140  12:51  Pylon  
  140  12:55  Pylon  
  140  12:56  Void Ray  
  140  12:57  Pylon  
  135  14:08  Zealot  
  135  14:09  Zealot x3  
Show
View Real Time Build Order
Export as new Build Order

PapaRaid Terran 

Build Orders:  

Get SALT Encoding   

  12  0:01  SCV  
  13  0:13  SCV  
  14  0:17  Supply Depot  
  14  0:25  SCV  
  15  0:28  Refinery  
  15  0:39  SCV  
  16  0:45  Barracks  
  16  0:51  SCV  
  17  1:03  SCV  
  18  1:15  SCV  
  19  1:33  Reaper  
  19  1:34  Orbital Command  
  20  1:57  Factory  
  20  1:58  Refinery  
  20  2:01  Supply Depot  
  20  2:06  SCV  
  20  2:08  Barracks Tech Lab  
  21  2:19  SCV  
  22  2:31  Supply Depot  
  22  2:36  Barracks  
  22  2:39  Barracks Reactor  
  22  2:47  Bunker  
  22  2:48  Siege Tank  
  22  2:50  SCV  
  26  3:00  Engineering Bay  
  26  3:02  SCV  
  26  3:14  SCV  
  26  3:19  Marine x2  
  29  3:28  Barracks Tech Lab  
  29  3:38  Command Center  
  29  3:55  Barracks  
  29  3:56  Stimpack  
  29  3:57  Marine  
  29  3:58  Marine x2, Factory Reactor  
  32  4:12  SCV  
  32  4:13  Starport  
  32  4:15  Marine x2  
  35  4:22  Marine  
  36  4:25  SCV  
  37  4:33  Supply Depot  
  37  4:34  Terran Infantry Weapons Level 1  
  37  4:37  SCV  
  38  4:43  Marine  
  38  4:45  Combat Shield  
  39  4:50  Marine x3  
  42  4:53  Orbital Command  
  42  5:00  Supply Depot  
  42  5:02  Medivac  
  42  5:05  Medivac  
  46  5:08  Marine  
  46  5:10  Marine  
  48  5:19  Marine x2  
  50  5:22  SCV  
  50  5:27  Orbital Command  
  51  5:39  Marine x2  
  51  5:40  Marine x2  
  55  5:57  Marine  
  56  6:04  Factory Tech Lab  
  56  6:06  Marine x2  
  56  6:07  Marine  
  56  6:09  SCV x2  
  61  6:15  Marine  
  62  6:29  Marine, Refinery  
  62  6:30  Marine x2, Supply Depot  
  62  6:31  Refinery, Command Center  
  62  6:32  Supply Depot  
  65  6:33  Marine  
  66  6:48  Marauder  
  52  7:17  Marine x4  
  52  7:19  Siege Tank  
  54  7:35  Marine x4  
  58  7:41  Command Center  
  58  7:53  Marine x2  
  58  7:57  Engineering Bay  
  62  8:01  Orbital Command  
  62  8:02  Armory  
  62  8:05  SCV x2  
  64  8:08  Marine x2  
  64  8:10  Marine  
  67  8:13  Siege Tank  
  67  8:17  SCV  
  69  8:21  Medivac x2  
  69  8:25  Terran Infantry Armor Level 1  
  73  8:41  SCV x2  
  75  8:42  Barracks x2, SCV  
  76  8:56  Supply Depot  
  76  8:58  Orbital Command  
  76  9:04  Marauder x2, Marine x2  
  76  9:09  Siege Tank  
  85  9:10  Medivac x2  
  89  9:22  Marine x2  
  91  9:25  Marauder x2  
  95  9:33  Planetary Fortress  
  95  9:39  Marine  
  95  9:40  Marine x2, Barracks Reactor  
  98  9:46  Marine x2  
  84  9:57  Marine x2  
  84  9:58  Marine  
  69  10:04  Marauder  
  69  10:05  Marauder  
  73  10:07  Viking  
  75  10:15  Marine x2  
  75  10:16  Marine  
  78  10:24  Marine  
  78  10:25  Marine x2  
  80  10:33  Marine x2  
  80  10:34  Marine  
  85  10:43  Marine x2  
  81  10:51  Marine x2  
  81  10:52  Marine  
  73  11:01  Marine x2  
  64  11:09  Marine x3  
  67  11:18  SCV  
  67  11:19  Marine x2, SCV x2  
  72  11:26  Marine  
  72  11:27  Marine x2  
  72  11:30  SCV  
  76  11:34  Barracks  
  76  11:36  Marine  
  76  11:37  Marine  
  76  11:38  Barracks  
  78  11:40  Terran Infantry Armor Level 2, Terran Infantry Weapons Level 2  
  78  11:45  Starport  
  78  11:51  Marine  
  78  11:52  Marine  
  81  11:54  Marine x2  
  83  12:02  Viking  
  83  12:03  Viking  
  83  12:07  Barracks Reactor  
  86  12:09  Marine x2, SCV x3  
  86  12:12  Marine x2  
  93  12:21  SCV  
  94  12:30  Viking x2  
  94  12:32  Viking  
  94  12:34  Barracks Reactor x2  
  94  12:36  Marine  
  101  12:56  Supply Depot  
  101  12:58  Supply Depot  
  101  12:59  Supply Depot  
  101  13:01  Marine x3, Widow Mine, Viking  
  95  13:23  Widow Mine  
  40  13:35  Viking  
  40  13:36  Viking x3  
  44  13:50  Marine  
  44  13:51  Marine x4  
Tags
 
Add a new tag
Caveats
  • Supply blocks, unpowered buildings, or Contaminate may cause inaccurate times.
  • Supply counts are checked every 10 seconds.